 Dungeon Crawl Stone Soup version 0.31-a0-965-g8a8ce12e04 (webtiles) character file.

Game seed: 5679871935170265833

63 Gladio the Ruffian (level 4, 33/33 HPs)
             Began as a Barachi Shapeshifter on Oct 26, 2023.
             Was a Follower of Trog.
             Quit the game on level 2 of the Dungeon.
             The game lasted 00:01:48 (946 turns).

Gladio the Ruffian (Barachi Shapeshifter)            Turns: 946, Time: 00:01:49

Health: 33/33      AC:  8    Str: 17    XL:     4   Next: 10%
Magic:  4/4        EV:  8    Int: 11    God:    Trog [*.....]
Gold:   25         SH:  0    Dex: 11    Spells: 3/3 levels left

rFire   . .          .
                       - Unarmed
rCold   . . .        (no shield)
rNeg    . . .        f - +0 chain mail
rPois   .            (helmet currently unavailable)
rElec   .            (cloak currently unavailable)
rCorr   .            (gloves currently unavailable)
SInv    .            (boots currently unavailable)
Will    .....        (no amulet) Stlth
                     (no ring)
HPRegen 0.25/turn    (no ring)
MPRegen 0.09/turn

%: no passive effects
@: beast-form, slow
A: beast (slay +2), amphibious, slowness 1, strong legs 1, +LOS
a: Hop, Begin Untransformation, Renounce Religion, Berserk


You were on level 2 of the Dungeon.
You worshipped Trog.
Trog was aware of your devotion.
You were a hulking beast.
You visited 1 branch of the dungeon, and saw 2 of its levels.

You collected 49 gold pieces.
You spent 24 gold pieces at shops.

Inventory:

Armour
 a - a +0 animal skin
 f - a +0 chain mail (worn)
Talismans
 c - a beast talisman
 d - a flux talisman
Scrolls
 e - a scroll of noise {unknown}
 h - a scroll of vulnerability {unknown}
 i - a scroll of brand weapon {unknown}
 j - a scroll of silence {unknown}
Potions
 b - a potion of lignification
 g - a potion of heal wounds
 k - a potion of degeneration {unknown}


   Skills:
 + Level 2.3 Fighting
 + Level 1.5 Armour
 - Level 2.2 Dodging
 * Level 4.2 Unarmed Combat
 + Level 3.7 Shapeshifting


You had 3 spell levels left.
You didn't know any spells.
Your spell library was empty.

Dungeon Overview and Level Annotations

Branches:
Dungeon (2/15)

Altars:
Trog

Shops:
D:1 ?


Innate Abilities, Weirdness & Mutations

You are a hulking beast.
Your limbs bulge with bestial killing power. (Slay +2)
You are amphibious.
You cover ground slowly.
You can hop short distances.
You have an extended range of vision and can be seen from far away.


Message History

The gnoll hits you with a +0 spear.
* * * LOW HITPOINT WARNING * * *
You punch the gnoll!
You kill the gnoll!
Trog accepts your kill.
You have reached level 4!
You feel clever.
Key pressed, stopping explore.
HP restored.
Things that are here:
a +0 spear; a gnoll corpse
k - a fizzy ruby potion Key pressed, stopping explore.
Found a stone staircase leading up.
Found an escape hatch in the ceiling.
There is a stone staircase leading up here.
You open the door.
There is an open door here.
Found a hand axe.
You see here a +0 hand axe.
A bat comes into view.
A bat is nearby!
A bat is nearby!
You completely miss the bat. The bat hits you but does no damage. x2
The bat barely misses you.
You closely miss the bat. The bat barely misses you.
You closely miss the bat. The bat hits you but does no damage.
You punch the bat!
You kill the bat!
Trog accepts your kill.
No target in view!
No target in view!
No target in view!
Key pressed, stopping explore.
Key pressed, stopping explore.
Key pressed, stopping explore.
Found an escape hatch in the floor.
There is an escape hatch in the floor here.
Found a stone staircase leading down.
Are you sure you want to abandon this character and quit the game? (Confirm with "yes".)

>. .. .## .. .. .# .#
##### #######.# ##...##
#.....h.#
##.....###.#####.#
#.......##.####....
##...................#
.#.......##.####..##...
.##.....###... .. ####
.###...## ##### .. .#
##.## .. .# #.# .##


There were no monsters in sight!

Vanquished Creatures
  3 gnolls (D:2)
  2 dart slugs (D:1)
  4 endoplasms (D:1)
  A giant cockroach (D:1)
  2 hobgoblins
  3 jackals (D:1)
  3 quokkas (D:1)
  A ball python (D:1)
  4 bats
  2 frilled lizards (D:1)
  3 goblins (D:1)
  A rat (D:1)
29 creatures vanquished.

Notes
Turn   | Place    | Note
-------+----------+-------------------------------------------
     0 | D:1      | Gladio the Barachi Shapeshifter began the quest for the
                  | Orb.
     0 | D:1      | Reached XP level 1. HP: 15/15 MP: 1/1
    97 | D:1      | Reached XP level 2. HP: 21/21 MP: 2/2
   282 | D:1      | Found Kiobynir's Magic Scroll Boutique.
   290 | D:1      | Reached skill level 1 in Armour
   333 | D:1      | Bought a scroll of identify for 24 gold pieces
   371 | D:1      | Reached XP level 3. HP: 27/27 MP: 3/3
   582 | D:1      | Found a faded altar of an unknown god.
   658 | D:1      | Prayed at the altar of an unknown god.
   658 | D:1      | Became a worshipper of Trog the Wrathful
   658 | D:1      | Reached * piety under Trog
   711 | D:2      | Reached skill level 4 in Unarmed Combat
   728 | D:2      | Reached XP level 4. HP: 8/33 MP: 4/4
   946 | D:2      | Quit the game

Illustrated notes

Levels and vault maps discovered:
D:1:      amcnicky_arrival_gap_in_the_tavern_cellar, layout_loops_ring,
          serial_shops, nicolae_shop_tiny_statue_garden,
          ebering_ecumenical_altar_sacrificial
D:2:      layout_loops_corners

Skill      XL: |  1  2  3 |
---------------+----------+-----
Armour         | 1 |  1.5
Fighting       | 2 |  2.3
Unarmed Combat | 4 |  4.2
Dodging        | |  2.2
Shapeshifting  | |  3.7

Action                     |  1- 3 |  4- 6 || total
---------------------------+-------+-------++-------
  Melee: Unarmed           |    77 |     4 ||    81
         Punch             |     2 |       ||     2
    Use: Scroll            |     1 |       ||     1
 Armour: Chain mail        |    56 |     3 ||    59
         Animal skin       |     2 |       ||     2
  Dodge: Dodged            |    42 |     2 ||    44

Table legend: (Time is in decaauts)
 A = Elapsed time spent in this place.
 B = Non-inter-level travel time spent in this place.
 C = Inter-level travel time spent in this place.
 D = Time resting spent in this place.
 E = Time spent auto-exploring this place.
 F = Levels seen in this place.
 G = Mean time per level.
                   A        B        C        D        E       F      G
               +--------+--------+--------+--------+--------+-----+--------+
         Total |   1080 |   1032 |     48 |      0 |    861 |   2 |  540.0 |
       Dungeon |   1080 |   1032 |     48 |      0 |    861 |   2 |  540.0 |
               +--------+--------+--------+--------+--------+-----+--------+

Top non-repeatable levels by time:
     D:1: 818 daAuts
     D:2: 262 daAuts
